 Dungeon Crawl Stone Soup version 0.31-a0-175-g9f7f995f2b (webtiles) character file.

Game seed: 6527105111341691658

405617 qw the Slayer (level 23, 0/181 HPs)
             Began as a Gargoyle Hunter on June 16, 2023.
             Was a High Priest of Okawaru.
             Killed by the air
             ... invoked by a spriggan air mage
              (5 damage)
             ... on level 3 of the Depths.
             The game lasted 00:25:04 (40195 turns).

qw the Slayer (Gargoyle Hunter)                    Turns: 40195, Time: 00:25:05

Health: 0/181      AC: 50    Str: 16    XL:     23   Next: 39%
Magic:  29/30      EV: 40    Int: 10    God:    Okawaru [*****.]
Gold:   1600       SH:  0    Dex: 32    Spells: 22/22 levels left

rFire   . . .        y - +8 triple crossbow of Infinite Pain {flame, Contam rN+ Dex+4}
rCold   + . .        (shield currently unavailable)
rNeg    + + +        o - +4 ring mail of the Maze {rC++ rCorr}
rPois   inf          j - +2 helmet
rElec   +            s - +2 cloak of Gozag's Pride {rC- rN+ Dex+3}
rCorr   +            z - +3 pair of gloves of Intercession {Rampage Regen+}
SInv    .            w - +2 pair of boots
Will    +....        n - amulet of faith
Stlth   ++++         t - +5 ring of evasion
HPRegen 1.30/turn    r - +4 ring of protection
MPRegen 0.22/turn

%: rampage, faith
@: about to teleport, heroic, finesse-ful, flying, slowed, very slow
A: sickness immunity, AC +17, big wings, negative energy resistance 1,
electricity resistance, torment resistance 1, petrification resistance, agile 1,
deformed body, robust 1
}: 2/15 runes: barnacled, gossamer
a: Renounce Religion, Heroism, Finesse, Duel


You were on level 3 of the Depths.
You worshipped Okawaru.
Okawaru was extremely pleased with you.
You visited 8 branches of the dungeon, and saw 38 of its levels.
You also visited: Ossuary.

You collected 5449 gold pieces.
You spent 3849 gold pieces at shops.


Innate Abilities, Weirdness & Mutations

You are immune to sickness and miasma.
Your stone body is resilient. (AC +17)
You are immune to poison.
Your large and strong wings let you fly.
You resist negative energy. (rN+)
You are resistant to electric shocks. (rElec)
You are resistant to unholy torment.
You are immune to petrification.
You are agile. (Dex +4, Str/Int -1)
Armour fits poorly on your strangely shaped body.
You are robust. (+10% HP)


   Skills:
 + Level 23.2(27) Fighting
 - Level 22.0(27) Ranged Weapons
 - Level 17.5(22.5) Armour
 - Level 17.0(22.0) Dodging
 - Level 1.1(6.1) Stealth
 - Level 10.0 Invocations


You had 22 spell levels left.
You didn't know any spells.
Your spell library was empty.

Inventory:

Hand Weapons
 k - a +2 triple crossbow of electrocution
 y - the +8 triple crossbow of Infinite Pain (weapon) {flame, Contam rN+ Dex+4}
   (Okawaru gifted it to you on level 4 of the Lair of Beasts)

   Dex:       It affects your dexterity (+4).
   rN:        It protects you from negative energy.
   Contam:    It causes magical contamination when unequipped.
Armour
 d - a scarf of resistance
 i - a +3 ring mail of fire resistance
 j - a +2 helmet (worn)
 l - a +1 robe of resistance
 o - the +4 ring mail of the Maze (worn) {rC++ rCorr}
   (You found it on level 10 of the Dungeon)

   rC:        It greatly protects you from cold.
   rCorr:     It protects you from acid and corrosion.
 p - the +0 pair of gloves of Music {Fly rN++ rCorr Str-4}
   (Okawaru gifted it to you on level 1 of the Vaults)

   Str:       It affects your strength (-4).
   rN:        It greatly protects you from negative energy.
   Fly:       It grants you flight.
   rCorr:     It protects you from acid and corrosion.
 s - the +2 cloak of Gozag's Pride (worn) {rC- rN+ Dex+3}
   (You found it on level 4 of the Vaults)

   Dex:       It affects your dexterity (+3).
   rC:        It makes you vulnerable to cold.
   rN:        It protects you from negative energy.
 w - a +2 pair of boots (worn)
 x - quicksilver dragon scales
 z - the +3 pair of gloves of Intercession (worn) {Rampage Regen+}
   (Okawaru gifted it to you on level 13 of the Dungeon)

   Regen:     It increases your rate of health regeneration.
   Rampage:   It bestows one free step when moving towards enemies.
 G - the +1 cloak "Nyliol" {rC+}
   (Okawaru gifted it to you on level 2 of the Spider Nest)

   rC:        It protects you from cold.
Jewellery
 n - an amulet of faith (around neck)
 r - a +4 ring of protection (right hand)
 t - a +5 ring of evasion (left hand)
 A - a ring of ice
 C - an amulet of the acrobat
 D - a ring of ice
 F - a ring of protection from fire
 I - a ring of protection from fire
Wands
 B - a wand of digging (11)
Scrolls
 a - 18 scrolls of identify
 c - 2 scrolls of teleportation
 e - 7 scrolls of enchant weapon
 E - 6 scrolls of brand weapon
Potions
 b - 6 potions of mutation
 f - 5 potions of cancellation
 g - 10 potions of curing
 h - 5 potions of attraction
 m - 5 potions of lignification
 q - a potion of resistance
 u - 8 potions of might
 v - 5 potions of haste
 H - 2 potions of heal wounds

Dungeon Overview and Level Annotations

Branches:
Dungeon (15/15)            Temple (1/1) D:4            Lair (5/5) D:11
 Shoals (4/4) Lair:3       Spider (4/4) Lair:2        Slime (0/5) Lair:4
    Orc (2/2) D:10            Elf (0/3) Orc:2        Vaults (4/5) D:13
  Crypt (0/3) Vaults:3     Depths (3/4) D:15        Ossuary (visited)

Altars:
Ashenzari
Cheibriados
Dithmenos
Elyvilon
Fedhas
Gozag
Hepliaklqana
Kikubaaqudgha
Makhleb
Nemelex Xobeh
Okawaru
Qazlal
Ru
Sif Muna
Trog
Uskayaw
Vehumet
Wu Jian
Xom
Yredelemnul
Zin
The Shining One
Jiyva
Lugonu

Shops:
D:1 :   D:10 [   D:13 [   Orc:2 =*=*([?[[   Shoals:1 *   Shoals:4 *
Vaults:3 [:![   Depths:3 (

Portals:
Hell: Depths:1 Depths:2 Depths:3
Abyss: Depths:2 Depths:3
Pandemonium: Depths:2
Ziggurat: Depths:3
Trove: Depths:2 (give 2 scrolls of acquirement)

Annotations:
D:14 2 transporters
D:15 2 runed translucent doors, Vochiuc's ghost, adept DEFE
Lair:4 2 transporters, qw's ghost, journeyman GrFi
Shoals:3 1 runed translucent door


Message History

A spriggan berserker comes into view. It is wielding a +0 hand axe.
The spriggan rider hits you but does no damage.
The spriggan defender hits you but does no damage.
You hear a shout!
You are engulfed in freezing vapours.
You resist. The lich casts a spell at you.
You feel yourself slow down. Something hits you.
Something bites you but does no damage.
The spriggan defender hits you with a +5 rapier of speed!
The spriggan berserker mumbles some strange prayers to Trog.
The death yak goes berserk!
The deep troll bites you but does no damage.
The deep troll claws you but does no damage. x2
The lich touches you.
The spriggan rider hits you from afar with a +0 spear.
The spriggan defender hits you but does no damage.
The spriggan rider hits you but does no damage.
Something hits you but does no damage. Something bites you but does no damage.
The spriggan rider hits you with a +3 heavy quarterstaff!
The spriggan defender hits you but does no damage.
The lich touches you but does no damage.
The spriggan berserker prays to Trog.
Something hits you but does no damage. Something bites you but does no damage.
The spriggan defender hits you but does no damage.
The deep troll bites you. The deep troll claws you.
The deep troll claws you but does no damage.
The spriggan rider completely misses you.
The spriggan rider hits you but does no damage.
You hear a deafening roar!
You can move again.
40195 ||| READING 3 scrolls of teleportation.
As you read the scroll of teleportation, it crumbles to dust.
You feel strangely unstable. The lich completely misses you.
Something completely misses you. Something barely misses you.
The lich casts a spell at you. The bolt of cold hits you. You resist.
The spriggan air mage waves its arms in wide circles.
The air twists around and strikes you.
You die...

##.V...## ##R.i..## ..#
##...i.## #..##
##.....###..' ##..Y..##..#
##..8.....# ##...ii..# ##.
##.iLi{.# ######### ###.#
#.~i@T.# .##........ #...#
######.~##0[# #.##........
#...#
#....'.~##~.##...+....>..\
....#
#.####DQ~~~.'...##.....<..
#...####.#
#i[~Q~.#..###........
#........# #.~~~~....#
#........ ##..####.#
#......#..# #........ #..#
#.# ####'.##.[# ######'#.
#..# #.# #........[#
#...#.


You could see a lich (fast), a death yak (summoned, berserk), a spriggan
defender, 4 spriggan riders, a deep troll, a spriggan berserker and a spriggan
air mage (repels missiles).

Vanquished Creatures
  Mara (Depths:3)
  A caustic shrike (Depths:2)
  2 golden dragons
  Arachne (Spider:3)
  3 tentacled monstrosities
  A walking earthen tome (Depths:3)
  Mlioglotl (Spider:1)
  2 liches
  A walking frostbound tome (Depths:2)
  Kirke (Spider:3)
  Frances (D:14)
  4 krakens (Shoals:3)
  An ancient champion (Depths:1)
  Gastronok (D:10)
  Donald (Spider:2)
  2 tengu reavers
  4 emperor scorpions
  3 frost giants
  6 fire giants
  A storm dragon (Depths:2)
  9 vault wardens
  4 ghost moths
  A deep elf sorcerer (Vaults:3)
  Aizul (Spider:1)
  A formless jellyfish (Vaults:4)
  3 broodmothers (Spider:1)
  An orc warlord (Vaults:1)
  A war gargoyle (Vaults:1)
  11 ironbound preservers
  3 spriggan defenders
  10 ironbound thunderhulks
  10 stone giants
  3 vampire knights (Depths:2)
  7 very ugly things
  2 eleionomae (Shoals:3)
  15 dire elephants
  A blizzard demon (Depths:1)
  3 spark wasps
  Snorg (D:10)
  4 ettins
  A green death (Depths:2)
  8 merfolk javelineers
  2 spectral krakens (Shoals:1)
  Josephine (D:12)
  8 merfolk impalers
  5 entropy weavers
  6 great orbs of eyes
  6 fire dragons
  8 yaktaur captains
  Harold (D:10)
  2 hell beasts (Depths:1)
  5 spriggan air magi
  A rakshasa (Depths:3)
  2 ice dragons
  5 hydras
  5 merfolk avatars
  2 ghost crabs (Shoals:1)
  2 vault guards
  5 two-headed ogres
  6 centaur warriors
  A catoblepas (Lair:2)
  5 radroaches
  12 ironbound frosthearts
  2 ogre magi
  6 death yaks
  A death knight (D:14)
  6 deep troll shamans
  2 tengu warriors (Depths:2)
  4 merfolk aquamancers
  8 boulder beetles
  8 satyrs
  8 death scarabs (Spider:4)
  11 deep troll earth magi
  11 demonic crawlers
  4 spriggan berserkers (Depths:2)
  5 orc high priests (Orc:2)
  2 vampire magi
  5 spriggans
  11 hell knights
  A shock serpent (shapeshifter) (Depths:3)
  Nergalle (D:10)
  5 skysharks
  3 skeletal warriors (Depths:1)
  18 pharaoh ants
  11 sea snakes
  3 sun moths
  6 iron trolls
  33 deep trolls
  A flayed ghost (Depths:2)
  A swamp dragon (shapeshifter) (Depths:3)
  3 glowing orange brains
  9 orb spiders
  8 ironbound convokers
  8 wizards
  2 phantasmal warriors (Depths:2)
  4 lindwurms
  11 orc knights
  2 deep elf pyromancers (D:13)
  3 necromancers
  3 orc sorcerers
  18 fauns
  4 spectral wolf spiders (Spider:4)
  A broodmother zombie (Spider:4)
  8 steelbarb worms
  A wolf spider zombie (Spider:4)
  13 harpies
  A spectral merfolk (Shoals:1)
  32 ugly things
  13 cyclopes
  2 moths of wrath
  12 manticores
  13 merfolk sirens
  14 wolf spiders
  A black mamba (shapeshifter) (D:14)
  4 black mambas
  A rust devil (Depths:2)
  An orange demon (Depths:2)
  24 elephants
  5 water nymphs
  4 gargoyles
  8 torpor snails
  9 cane toads
  A spectral sea snake (Shoals:1)
  4 unseen horrors
  An unseen horror (shapeshifter) (D:15)
  15 vault sentinels
  3 rime drakes
  33 yaktaurs
  3 komodo dragons
  2 kobold demonologists
  2 spectral redbacks (Spider:4)
  2 freezing wraiths (D:14)
  2 tengu conjurers
  40 merfolk
  3 meliai (Spider:2)
  8 wind drakes
  A spectral harpy (Shoals:1)
  5 trolls
  6 hornets
  2 spectral culicivoras (Spider:4)
  A hellwing (Depths:2)
  10 polar bears (Lair:5)
  15 blink frogs
  Grinder (D:3)
  31 tarantellas
  6 spectral jumping spiders (Spider:4)
  2 spectral tarantellas (Spider:4)
  3 raiju (Lair:5)
  8 snapping turtles
  A raiju (shapeshifter) (D:10)
  A culicivora zombie (Spider:4)
  A jumping spider zombie (Spider:4)
  6 dream sheep
  26 jumping spiders
  A spectral manticore (Shoals:1)
  39 slime creatures
  Sigmund (D:3)
  30 culicivoras
  2 shadows
  8 water elementals
  53 yaks
  3 vampires (Vaults:3)
  A wyvern (D:9)
  9 wraiths
  A basilisk (shapeshifter) (D:13)
  4 hogs (Spider:3)
  2 steam dragons
  A human (Spider:3)
  6 basilisks
  6 vampire mosquitoes
  A neqoxec (Depths:2)
  5 wargs
  56 redbacks
  13 water moccasins
  14 hell hounds (Lair:5)
  A spectral snapping turtle (Shoals:1)
  12 black bears
  2 sky beasts
  32 orc warriors
  3 ice beasts
  7 ogres
  20 wolves
  6 boggarts
  18 centaurs
  A phantom (D:5)
  6 kobold brigands
  10 bullfrogs
  A scorpion (D:5)
  2 gnoll sergeants
  8 wights
  A howler monkey (D:11)
  An electric eel (Orc:2)
  4 hounds
  25 orc priests
  8 jellies
  4 gnoll boudas
  3 iguanas
  4 sleepcaps
  Terence (D:2)
  2 yak simulacra (Lair:4)
  16 orc wizards
  3 polar bear simulacra (Lair:4)
  2 wolf simulacra (Lair:4)
  Robin (D:2)
  27 gnolls
  9 adders
  2 white imps
  4 ufetubi
  3 worms
  2 dart slugs (D:3)
  67 orcs
  5 ball pythons
  6 bats
  4 endoplasms
  5 giant cockroaches
  15 goblins
  18 hobgoblins
  3 quokkas
  5 frilled lizards
  A goblin zombie (D:6)
  4 hobgoblin zombies (Ossuary)
  19 kobolds
  7 kobold zombies (Ossuary)
  9 orc zombies (Ossuary)
  A quokka zombie (D:6)
  5 rats
  4 river rat simulacra (Lair:4)
  11 tentacles
1588 creatures vanquished.

Vanquished Creatures (others)
  A spriggan defender (Depths:3)
  A harpy (Shoals:4)
  A yaktaur (Vaults:2)
  46 tentacles
49 creatures vanquished.

Grand Total: 1637 creatures vanquished

Notes
Turn   | Place    | Note
-------+----------+-------------------------------------------
     0 | D:1      | qw the Gargoyle Hunter began the quest for the Orb.
     0 | D:1      | Reached XP level 1. HP: 12/12 MP: 1/1
     0 | D:1      | 0 ||| qw: Version: 0.2-a-29-g511e9b1
     0 | D:1      | 0 ||| qw: Game counter: 5949
     0 | D:1      | 0 ||| qw: Always use a shield: true
     0 | D:1      | 0 ||| qw: God list: Okawaru
     0 | D:1      | 0 ||| qw: Allow faded altars: false
     0 | D:1      | 0 ||| qw: Do Orc after D:15 true
     0 | D:1      | 0 ||| qw: Do second Lair branch before Depths: true
     0 | D:1      | 0 ||| qw: Lair rune preference: random
     0 | D:1      | 0 ||| qw: Plans: Normal, Zot:1-4, Slime:5, God:TSO, Crypt,
                  | Tomb, Abyss, Pan, Hells, Win
     0 | D:1      | 0 ||| PLANNING D:1-11
    69 | D:1      | Found Icruhix's Book Emporium.
   138 | D:1      | Reached XP level 2. HP: 17/17 MP: 2/2
   399 | D:1      | 399 ||| UPGRADING to +0 helmet.
   404 | D:1      | 404 ||| UPGRADING to amulet of faith.
   409 | D:1      | 409 ||| DROPPING ring of wizardry.
   410 | D:1      | 410 ||| READING scroll labelled EJOHU ACHEDOYM.
   411 | D:1      | 411 ||| READING 4 scrolls labelled IHOAQE TIESE.
   415 | D:1      | 415 ||| READING scroll labelled UWKOTS ZOOSOT.
   416 | D:1      | 416 ||| READING scroll labelled IWYCSY ZUPIACAEMM.
   417 | D:1      | 417 ||| READING scroll labelled DOAMOY KIPIE.
   418 | D:1      | 418 ||| READING scroll labelled WAIBUH QIUM.
   419 | D:1      | 419 ||| DROPPING scroll of butterflies.
   478 | D:2      | Found a stormy altar of Qazlal.
   496 | D:2      | Reached XP level 3. HP: 21/21 MP: 3/3
   731 | D:2      | Reached skill level 3 in Fighting
   731 | D:2      | Reached XP level 4. HP: 28/28 MP: 4/4
   777 | D:2      | Noticed Terence
   782 | D:2      | 782 ||| Stepping ~*~*~tactically~*~*~ (outnumbered).
   800 | D:2      | HP: 6/28 [Terence/+0 morningstar (2)]
   801 | D:2      | 801 ||| READING 3 scrolls of teleportation.
   801 | D:2      | HP: 2/28 [Terence/+0 morningstar (5)]
   802 | D:2      | Killed Terence
   805 | D:2      | 805 ||| READING 2 scrolls of teleportation.
   805 | D:2      | Noticed Robin
   806 | D:2      | 806 ||| Stepping ~*~*~tactically~*~*~ (outnumbered).
   807 | D:2      | HP: 1/28 [hobgoblin[Robin] (2)]
   838 | D:2      | 838 ||| FLEEEEING.
   982 | D:2      | HP: 7/28 [goblin/+0 dagger[Robin] (5)]
   983 | D:2      | 983 ||| READING scroll of teleportation.
  1185 | D:2      | Killed Robin
  1186 | D:2      | Reached XP level 5. HP: 32/32 MP: 5/5
  1264 | D:2      | 1264 ||| UPGRADING to scarf of resistance.
  1269 | D:2      | 1269 ||| DRINKING 2 fizzy orange potions.
  1269 | D:2      | Gained mutation: Armour fits poorly on your strangely
                  | shaped body. [potion of mutation]
  1269 | D:2      | Gained mutation: You are robust. (+10% HP) [potion of
                  | mutation]
  1269 | D:2      | Gained mutation: You are agile. (Dex +4, Str/Int -1)
                  | [potion of mutation]
  1329 | D:3      | Reached skill level 6 in Ranged Weapons
  1423 | D:3      | Noticed Grinder
  1440 | D:3      | HP: 6/35 [Grinder (4)]
  1444 | D:3      | Killed Grinder
  1445 | D:3      | Reached XP level 6. HP: 7/40 MP: 6/6
  1582 | D:3      | Noticed Sigmund
  1588 | D:3      | Killed Sigmund
  1589 | D:3      | Reached skill level 3 in Dodging
  1589 | D:3      | Reached XP level 7. HP: 45/45 MP: 7/7
  1854 | D:3      | 1854 ||| UPGRADING to +0 ring mail.
  1864 | D:3      | 1864 ||| DROPPING +0 leather armour.
  1865 | D:3      | 1865 ||| READING scroll labelled UCI IBEIN.
  1866 | D:3      | 1866 ||| READING 2 scrolls of identify.
  1866 | D:3      | 1866 ||| IDENTIFYING orange potion
  1867 | D:3      | 1867 ||| DROPPING potion of enlightenment.
  1882 | D:4      | Found a staircase to the Ecumenical Temple.
  1883 | D:4      | 1883 ||| PLANNING TEMPLE
  1883 | D:4      | 1883 ||| STAIRDANCE
  1889 | D:4      | 1889 ||| STAIRDANCE
  1895 | D:4      | 1895 ||| STAIRDANCE
  1917 | D:4      | 1917 ||| STAIRDANCE
  1952 | D:4      | 1952 ||| STAIRDANCE
  1956 | D:4      | 1956 ||| STAIRDANCE
  1960 | D:4      | 1960 ||| STAIRDANCE
  1966 | D:4      | 1966 ||| STAIRDANCE
  1968 | D:3      | 1968 ||| Stepping randomly (disturbance).
  1969 | D:3      | 1969 ||| Stepping randomly (disturbance).
  1973 | D:4      | 1973 ||| STAIRDANCE
  1977 | D:4      | 1977 ||| STAIRDANCE
  1981 | D:4      | 1981 ||| STAIRDANCE
  1985 | D:4      | 1985 ||| STAIRDANCE
  1989 | D:4      | 1989 ||| STAIRDANCE
  1993 | D:4      | 1993 ||| STAIRDANCE
  1997 | D:4      | 1997 ||| STAIRDANCE
  2001 | D:4      | 2001 ||| STAIRDANCE
  2005 | D:4      | 2005 ||| STAIRDANCE
  2009 | D:4      | 2009 ||| STAIRDANCE
  2053 | D:4      | Reached skill level 4 in Fighting
  2066 | Temple   | Entered the Ecumenical Temple
  2085 | Temple   | 2085 ||| PLANNING OKAWARU WORSHIP
  2276 | Temple   | Became a worshipper of Warmaster Okawaru
  2277 | Temple   | 2277 ||| PLANNING D:1-11
  2400 | D:4      | 2400 ||| Stepping ~*~*~tactically~*~*~ (outnumbered).
  2439 | D:4      | Reached XP level 8. HP: 52/52 MP: 8/8
  2523 | D:4      | Reached * piety under Okawaru
  2739 | D:4      | 2739 ||| UPGRADING to +0 pair of gloves.
  2744 | D:4      | 2744 ||| UPGRADING to ring of protection from fire.
  2769 | D:5      | Entered Level 5 of the Dungeon
  2807 | D:5      | Reached skill level 1 in Invocations
  2828 | D:5      | 2828 ||| Stepping ~*~*~tactically~*~*~ (outnumbered).
  2914 | D:5      | Reached skill level 3 in Invocations
  2944 | D:5      | 2944 ||| INVOKING Heroism.
  3003 | D:5      | Reached skill level 5 in Fighting
  3179 | D:5      | Found a radiant altar of Vehumet.
  3180 | D:5      | Found a shadowy altar of Dithmenos.
  3357 | D:6      | 3357 ||| PLANNING OSSUARY
  3358 | D:6      | Reached ** piety under Okawaru
  3364 | D:6      | 3364 ||| INVOKING Heroism.
  3381 | D:6      | Reached XP level 9. HP: 59/59 MP: 9/12
  3446 | D:6      | Reached skill level 9 in Ranged Weapons
  3495 | D:6      | Found a sand-covered staircase.
  3515 | Ossuary  | Entered an ossuary
  3659 | D:6      | 3659 ||| PLANNING D:1-11
  3679 | D:6      | Found a hazy altar of Hepliaklqana.
  3976 | D:6      | Found a glowing silver altar of Zin.
  4028 | D:6      | Reached skill level 6 in Fighting
  4076 | D:6      | 4076 ||| DRINKING 2 silvery potions.
  4077 | D:6      | 4077 ||| READING 2 scrolls of identify.
  4077 | D:6      | 4077 ||| IDENTIFYING purple potion
  4201 | D:7      | 4201 ||| INVOKING Heroism.
  4220 | D:7      | Noticed a hornet
  4229 | D:7      | Killed a hornet
  4284 | D:7      | 4284 ||| INVOKING Heroism.
  4335 | D:7      | Found a broken altar of Ashenzari.
  4500 | D:7      | 4500 ||| INVOKING Heroism.
  4540 | D:7      | 4540 ||| INVOKING Heroism.
  4662 | D:7      | Reached skill level 7 in Fighting
  4725 | D:7      | 4725 ||| INVOKING Heroism.
  5254 | D:7      | 5254 ||| UPGRADING to +4 ring of protection.
  5255 | D:7      | 5255 ||| READING scroll labelled QIMMUZ LORHICK.
  5255 | D:7      | Identified a scroll of acquirement
  5255 | D:7      | 5255 ||| ACQUIRING +1 arbalest of flaming
  5255 | D:7      | Acquired a +1 arbalest of flaming
  5257 | D:7      | 5257 ||| DROPPING +0 shortbow.
  5258 | D:7      | 5258 ||| UPGRADING to +1 arbalest of flaming.
  5259 | D:7      | 5259 ||| DROPPING +0 shortbow of draining.
  5260 | D:7      | 5260 ||| READING scroll labelled USILLISIRA.
  5261 | D:7      | 5261 ||| READING 2 scrolls of identify.
  5261 | D:7      | 5261 ||| IDENTIFYING green potion
  5300 | D:8      | 5300 ||| INVOKING Heroism.
  5331 | D:8      | 5331 ||| INVOKING Heroism.
  5375 | D:8      | Reached *** piety under Okawaru
  5534 | D:8      | Reached XP level 10. HP: 69/69 MP: 13/13
  5628 | D:8      | Found a glowing golden altar of the Shining One.
  5648 | D:8      | Found a flagged portal.
  5708 | D:8      | 5708 ||| READING scroll labelled FUSKIULLUCKE.
  5709 | D:8      | 5709 ||| READING 2 scrolls of identify.
  5709 | D:8      | 5709 ||| IDENTIFYING blue potion
  5710 | D:8      | 5710 ||| DROPPING potion of berserk rage.
  5725 | D:9      | 5725 ||| INVOKING Heroism.
  5736 | D:9      | Reached skill level 8 in Fighting
  5839 | D:9      | 5839 ||| INVOKING Heroism.
  6140 | D:9      | Noticed a two-headed ogre
  6141 | D:9      | 6141 ||| INVOKING Heroism.
  6145 | D:9      | Killed a two-headed ogre
  6146 | D:9      | Reached skill level 12 in Ranged Weapons
  6173 | D:9      | 6173 ||| READING scroll of enchant armour.
  6173 | D:9      | 6173 ||| ENCHANTING +0 pair of gloves.
  6190 | D:9      | 6190 ||| INVOKING Heroism.
  6367 | D:9      | Identified the +0 chain mail of Autumn {Will+ Regen+ Int+2}
  6429 | D:9      | Reached **** piety under Okawaru
  6453 | D:9      | 6453 ||| Stepping ~*~*~tactically~*~*~ (outnumbered).
  6653 | D:9      | 6653 ||| UPGRADING to +0 troll leather armour.
  6663 | D:9      | 6663 ||| DROPPING +0 ring mail.
  6664 | D:9      | 6664 ||| DRINKING 2 fuming clear potions.
  6694 | D:9      | 6694 ||| DRINKING 2 metallic clear potions.
  6695 | D:9      | 6695 ||| READING 2 scrolls of identify.
  6695 | D:9      | 6695 ||| IDENTIFYING pink potion
  6696 | D:9      | 6696 ||| DROPPING potion of brilliance.
  6713 | D:10     | Entered Level 10 of the Dungeon
  6743 | D:10     | Noticed Nergalle
  6744 | D:10     | 6744 ||| INVOKING Heroism.
  6752 | D:10     | Killed Nergalle
  6772 | D:10     | Identified the +4 ring mail of the Maze {rC++ rCorr}
  6794 | D:10     | Identified the +0 leather armour of the Farmer {Drain rN+
                  | Int+3}
  6860 | D:10     | Noticed a kobold demonologist
  6865 | D:10     | Killed a kobold demonologist
  6865 | D:10     | Noticed Harold
  6866 | D:10     | 6866 ||| INVOKING Heroism.
  6879 | D:10     | Killed Harold
  6879 | D:10     | Reached ***** piety under Okawaru
  6880 | D:10     | Reached skill level 6 in Invocations
  6880 | D:10     | Reached XP level 11. HP: 75/75 MP: 13/15
  7011 | D:10     | 7011 ||| Stepping ~*~*~tactically~*~*~ (outnumbered).
  7013 | D:10     | 7013 ||| Stepping ~*~*~tactically~*~*~ (outnumbered).
  7015 | D:10     | 7015 ||| Stepping ~*~*~tactically~*~*~ (outnumbered).
  7050 | D:10     | Noticed Snorg
  7050 | D:10     | Noticed a two-headed ogre
  7051 | D:10     | 7051 ||| INVOKING Heroism.
  7052 | D:10     | a cane toad changed into an entropy weaver
  7052 | D:10     | Noticed an entropy weaver (shapeshifter)
  7053 | D:10     | an entropy weaver changed into a raiju
  7054 | D:10     | Killed a two-headed ogre
  7055 | D:10     | 7055 ||| INVOKING Finesse.
  7060 | D:10     | Killed Snorg
  7061 | D:10     | Noticed Gastronok
  7076 | D:10     | Killed Gastronok
  7077 | D:10     | Reached skill level 9 in Fighting
  7112 | D:10     | Identified the +11 crystal plate armour "Uplyoniv" {Str+2
                  | Dex+3 Slay+5} (Okawaru gifted it to you on level 10 of the
                  | Dungeon)
  7112 | D:10     | Received a gift from Okawaru
  7384 | D:10     | Found a staircase to the Orcish Mines.
  7631 | D:10     | Found Heceith's Armour Emporium.
  7653 | D:10     | 7653 ||| UPGRADING to +4 ring mail of the Maze {rC++
                  | rCorr}.
  7663 | D:10     | 7663 ||| DROPPING +0 leather armour of the Farmer {Drain
                  | rN+ Int+3}.
  7664 | D:10     | 7664 ||| READING scroll labelled HIGAOHITOR.
  7709 | D:11     | Noticed a boulder beetle
  7710 | D:11     | 7710 ||| INVOKING Heroism.
  7711 | D:11     | 7711 ||| INVOKING Finesse.
  7714 | D:11     | Killed a boulder beetle
  7799 | D:11     | Noticed a death yak
  7800 | D:11     | 7800 ||| INVOKING Heroism.
  7801 | D:11     | 7801 ||| INVOKING Finesse.
  7803 | D:11     | Noticed a death yak
  7807 | D:11     | Killed a death yak
  7808 | D:11     | Reached skill level 9 in Invocations
  7811 | D:11     | Noticed a death yak
  7817 | D:11     | Killed a death yak
  7823 | D:11     | Killed a death yak
  7828 | D:11     | Reached XP level 12. HP: 83/83 MP: 12/19
  7871 | D:11     | Found a staircase to the Lair.
  8068 | D:11     | 8068 ||| INVOKING Heroism.
  8450 | D:11     | Reached skill level 10 in Fighting
  8470 | D:11     | 8470 ||| INVOKING Heroism.
  8470 | D:11     | HP: 20/84 [cyclops/large rock (33)]
  8471 | D:11     | 8471 ||| READING 4 scrolls of teleportation.
  8472 | D:11     | 8472 ||| DRINKING potion of heal wounds.
  8475 | D:11     | HP: 19/84 [cyclops/large rock (15)]
  8476 | D:11     | 8476 ||| READING 3 scrolls of teleportation.
  8920 | D:11     | 8920 ||| PLANNING LAIR
  8920 | D:11     | 8920 ||| READING scroll labelled HATAGO HUAGO.
  8921 | D:11     | 8921 ||| READING scroll labelled VUDIGH ILOEZ.
  8958 | Lair:1   | Entered Level 1 of the Lair of Beasts
  8975 | Lair:1   | 8975 ||| INVOKING Heroism.
  8978 | Lair:1   | Identified the +0 kite shield of Kieskuol {Rampage rElec
                  | Dex-2 Stlth+} (Okawaru gifted it to you on level 1 of the
                  | Lair of Beasts)
  8978 | Lair:1   | Received a gift from Okawaru
  9266 | Lair:1   | 9266 ||| INVOKING Heroism.
  9268 | Lair:1   | Reached skill level 15 in Ranged Weapons
  9482 | Lair:1   | 9482 ||| INVOKING Heroism.
  9496 | Lair:1   | 9496 ||| INVOKING Heroism.
  9852 | Lair:1   | 9852 ||| READING scroll of enchant armour.
  9852 | Lair:1   | 9852 ||| ENCHANTING +1 pair of gloves.
 10046 | Lair:1   | 10046 ||| DROPPING +0 pair of gloves of hurling.
 10047 | Lair:1   | 10047 ||| READING scroll labelled COERRA EGAEC.
 10048 | Lair:1   | 10048 ||| READING 2 scrolls of identify.
 10048 | Lair:1   | 10048 ||| IDENTIFYING fuming green potion
 10049 | Lair:1   | 10049 ||| DROPPING potion of degeneration.
 10204 | Lair:2   | Noticed a skyshark
 10211 | Lair:2   | Killed a skyshark
 10255 | Lair:2   | Noticed a skyshark
 10262 | Lair:2   | Killed a skyshark
 10263 | Lair:2   | Reached XP level 13. HP: 80/90 MP: 20/20
 10310 | Lair:2   | 10310 ||| INVOKING Heroism.
 10320 | Lair:2   | 10320 ||| INVOKING Finesse.
 10335 | Lair:2   | Reached skill level 11 in Fighting
 10471 | Lair:2   | Found a hole to the Spider Nest.
 10531 | Lair:2   | 10531 ||| INVOKING Heroism.
 10543 | Lair:2   | HP: 22/92 [elephant (3)]
 10544 | Lair:2   | 10544 ||| READING 2 scrolls of teleportation.
 10545 | Lair:2   | HP: 3/92 [elephant (9)]
 10703 | Lair:2   | 10703 ||| FLEEEEING.
 10704 | Lair:2   | 10704 ||| FLEEEEING.
 10705 | Lair:2   | 10705 ||| FLEEEEING.
 10706 | Lair:2   | 10706 ||| FLEEEEING.
 10707 | Lair:2   | 10707 ||| FLEEEEING.
 10710 | Lair:2   | 10710 ||| STAIRDANCE
 10980 | Lair:2   | 10980 ||| INVOKING Heroism.
 11162 | Lair:2   | 11162 ||| READING 2 scrolls of identify.
 11162 | Lair:2   | 11162 ||| IDENTIFYING fizzy yellow potion
 11204 | Lair:3   | 11204 ||| INVOKING Heroism.
 11281 | Lair:3   | 11281 ||| INVOKING Heroism.
 11282 | Lair:3   | 11282 ||| INVOKING Finesse.
 11400 | Lair:3   | Received a gift from Okawaru
 11402 | Lair:3   | 11402 ||| UPGRADING to +3 longbow of draining.
 11408 | Lair:3   | 11408 ||| INVOKING Heroism.
 11459 | Lair:3   | 11459 ||| INVOKING Heroism.
 11460 | Lair:3   | 11460 ||| INVOKING Finesse.
 11739 | Lair:3   | 11739 ||| INVOKING Heroism.
 11751 | Lair:3   | 11751 ||| INVOKING Finesse.
 11760 | Lair:3   | Reached skill level 6 in Dodging
 11786 | Lair:3   | Reached skill level 6 in Armour
 11891 | Lair:3   | Found a staircase to the Shoals.
 12015 | Lair:3   | 12015 ||| READING 3 scrolls of identify.
 12015 | Lair:3   | 12015 ||| IDENTIFYING ruby potion
 12016 | Lair:3   | 12016 ||| READING 2 scrolls of identify.
 12016 | Lair:3   | 12016 ||| IDENTIFYING glowing green potion
 12057 | Lair:4   | Found a transporter.
 12107 | Lair:4   | Identified the +8 triple crossbow of Infinite Pain {flame,
                  | Contam rN+ Dex+4} (Okawaru gifted it to you on level 4 of
                  | the Lair of Beasts)
 12107 | Lair:4   | Received a gift from Okawaru
 12111 | Lair:4   | 12111 ||| UPGRADING to +8 triple crossbow of Infinite Pain
                  | {flame, Contam rN+ Dex+4}.
 12112 | Lair:4   | 12112 ||| DROPPING +2 arbalest of flaming.
 12122 | Lair:4   | Found a viscous altar of Jiyva.
 12162 | Lair:4   | Found a staircase to the Slime Pits.
 12315 | Lair:4   | Gained mutation: Your large and strong wings let you fly.
                  | [Gargoyle growth]
 12315 | Lair:4   | Reached XP level 14. HP: 70/99 MP: 21/21
 12316 | Lair:4   | 12316 ||| INVOKING Heroism.
 12320 | Lair:4   | HP: 24/99 [elephant (2)]
 12321 | Lair:4   | 12321 ||| READING scroll of teleportation.
 12565 | Lair:4   | Found a transporter.
 12568 | Lair:4   | Noticed qw's ghost (journeyman GrFi)
 12638 | Lair:4   | Received a gift from Okawaru
 12640 | Lair:4   | 12640 ||| DROPPING +3 longbow of draining.
 13057 | Lair:4   | 13057 ||| UPGRADING to +0 pair of boots.
 13062 | Lair:4   | 13062 ||| READING scroll labelled DELEET BOTILUG.
 13105 | Lair:5   | Entered Level 5 of the Lair of Beasts
 13142 | Lair:5   | Reached skill level 18 in Ranged Weapons
 13306 | Lair:5   | 13306 ||| INVOKING Heroism.
 13350 | Lair:5   | Reached skill level 12 in Fighting
 13351 | Lair:5   | Received a gift from Okawaru
 13463 | Lair:5   | 13463 ||| INVOKING Heroism.
 13464 | Lair:5   | 13464 ||| Stepping ~*~*~tactically~*~*~ (outnumbered).
 13569 | Lair:5   | 13569 ||| INVOKING Heroism.
 13570 | Lair:5   | 13570 ||| Stepping ~*~*~tactically~*~*~ (outnumbered).
 13597 | Lair:5   | 13597 ||| INVOKING Heroism.
 13771 | Lair:5   | 13771 ||| Stepping ~*~*~tactically~*~*~ (outnumbered).
 13774 | Lair:5   | 13774 ||| Stepping ~*~*~tactically~*~*~ (outnumbered).
 13999 | Lair:5   | Received a gift from Okawaru
 14394 | Lair:5   | 14394 ||| PLANNING D
 14612 | D:12     | Noticed Josephine
 14623 | D:12     | Killed Josephine
 14721 | D:12     | 14721 ||| Stepping ~*~*~tactically~*~*~ (outnumbered).
 14723 | D:12     | 14723 ||| Stepping ~*~*~tactically~*~*~ (outnumbered).
 14725 | D:12     | 14725 ||| Stepping ~*~*~tactically~*~*~ (outnumbered).
 14809 | D:12     | 14809 ||| Stepping randomly (disturbance).
 14875 | D:12     | 14875 ||| READING scroll of teleportation.
 14876 | D:12     | 14876 ||| INVOKING Heroism.
 15147 | D:12     | 15147 ||| INVOKING Heroism.
 15259 | D:12     | 15259 ||| FLEEEEING.
 15260 | D:12     | 15260 ||| FLEEEEING.
 15261 | D:12     | 15261 ||| FLEEEEING.
 15377 | D:12     | 15377 ||| INVOKING Heroism.
 15378 | D:12     | 15378 ||| INVOKING Finesse.
 15381 | D:12     | Received a gift from Okawaru
 15548 | D:13     | Reached XP level 15. HP: 105/105 MP: 22/22
 15578 | D:13     | Found Michael's Dragon-Slaying Spoils.
 15585 | D:13     | 15585 ||| BUYING quicksilver dragon scales (960 gold).
 15585 | D:13     | Bought quicksilver dragon scales for 960 gold pieces
 15648 | D:13     | Identified the +3 pair of gloves of Intercession {Rampage
                  | Regen+} (Okawaru gifted it to you on level 13 of the
                  | Dungeon)
 15648 | D:13     | Received a gift from Okawaru
 15655 | D:13     | 15655 ||| Stepping randomly (disturbance).
 15709 | D:13     | Identified the +0 ring mail of Ruxtuin {rC- Regen+ rCorr
                  | MP+9}
 15741 | D:13     | Reached skill level 13 in Fighting
 16056 | D:13     | 16056 ||| INVOKING Heroism.
 16138 | D:13     | 16138 ||| INVOKING Heroism.
 16139 | D:13     | 16139 ||| INVOKING Finesse.
 16238 | D:13     | Found a gate to the Vaults.
 16458 | D:13     | 16458 ||| DROPPING +0 troll leather armour.
 16459 | D:13     | 16459 ||| UPGRADING to +3 pair of gloves of Intercession
                  | {Rampage Regen+}.
 16469 | D:13     | 16469 ||| DROPPING +2 pair of gloves.
 16470 | D:13     | 16470 ||| DROPPING +0 ring mail of Ruxtuin {rC- Regen+
                  | rCorr MP+9}.
 16788 | D:14     | Received a gift from Okawaru
 16803 | D:14     | Found a transporter.
 16885 | D:14     | Noticed Frances
 16886 | D:14     | 16886 ||| INVOKING Heroism.
 16887 | D:14     | 16887 ||| INVOKING Finesse.
 16895 | D:14     | Killed Frances
 16973 | D:14     | Received a gift from Okawaru
 16983 | D:14     | Found a transporter.
 17144 | D:15     | Entered Level 15 of the Dungeon
 17169 | D:15     | 17169 ||| Stepping ~*~*~tactically~*~*~ (outnumbered).
 17196 | D:15     | 17196 ||| INVOKING Heroism.
 17211 | D:15     | Found a staircase to the Depths.
 17312 | D:15     | Noticed a lich
 17312 | D:15     | Noticed Vochiuc's ghost (adept DEFE)
 17313 | D:15     | Noticed a frost giant
 17376 | D:15     | Reached skill level 9 in Dodging
 17379 | D:15     | Found a runed translucent door.
 17394 | D:15     | Found a runed translucent door.
 17410 | D:15     | Found an iron altar of Okawaru.
 17492 | D:15     | Found a blossoming altar of Fedhas.
 17836 | D:15     | 17836 ||| UPGRADING to ring of see invisible.
 17838 | D:15     | 17838 ||| PLANNING ORC
 18050 | Orc:1    | Entered Level 1 of the Orcish Mines
 18097 | Orc:1    | 18097 ||| INVOKING Heroism.
 18267 | Orc:2    | Entered Level 2 of the Orcish Mines
 18294 | Orc:1    | 18294 ||| INVOKING Heroism.
 18295 | Orc:1    | 18295 ||| INVOKING Finesse.
 18426 | Orc:1    | 18426 ||| INVOKING Heroism.
 18562 | Orc:2    | Found Hyl Miad's General Store.
 18562 | Orc:2    | Found Qonwigol's Jewellery Shoppe.
 18575 | Orc:2    | 18575 ||| BUYING 2 scrolls of enchant weapon (240 gold).
 18575 | Orc:2    | Bought 2 scrolls of enchant weapon for 240 gold pieces
 18575 | Orc:2    | 18575 ||| BUYING amulet of the acrobat (480 gold).
 18575 | Orc:2    | Bought an amulet of the acrobat for 480 gold pieces
 18575 | Orc:2    | 18575 ||| BUYING potion of heal wounds (80 gold).
 18575 | Orc:2    | Bought a potion of heal wounds for 80 gold pieces
 18584 | Orc:2    | 18584 ||| SHOPLISTING +5 ring of evasion (504 gold, have
                  | 369).
 18584 | Orc:2    | 18584 ||| SHOPLISTING ring "Niov" {rF+ Slay+5} (742 gold,
                  | have 369).
 18584 | Orc:2    | 18584 ||| BUYING ring of ice (350 gold).
 18584 | Orc:2    | Bought a ring of ice for 350 gold pieces
 18584 | Orc:2    | 18584 ||| SHOPLISTING ring of ice (350 gold, have 19).
 18584 | Orc:2    | 18584 ||| SHOPLISTING ring of protection from cold (350
                  | gold, have 19).
 18584 | Orc:2    | 18584 ||| INVOKING Heroism.
 18637 | Orc:2    | Found Rerraud's Weapon Shoppe.
 18740 | Orc:2    | Found a staircase to the Elven Halls.
 18884 | Orc:2    | 18884 ||| INVOKING Heroism.
 18892 | Orc:2    | Reached skill level 14 in Fighting
 19027 | Orc:2    | 19027 ||| INVOKING Heroism.
 19032 | Orc:2    | Reached XP level 16. HP: 116/116 MP: 21/23
 19034 | Orc:2    | 19034 ||| Stepping ~*~*~tactically~*~*~ (outnumbered).
 19058 | Orc:2    | Received a gift from Okawaru
 19077 | Orc:2    | 19077 ||| INVOKING Heroism.
 19099 | Orc:2    | 19099 ||| INVOKING Heroism.
 19138 | Orc:2    | 19138 ||| INVOKING Heroism.
 19199 | Orc:2    | Found Koavuy's Jewellery Boutique.
 19207 | Orc:2    | 19207 ||| SHOPLISTING amulet "Kirin" {Faith Str+3} (692
                  | gold, have 232).
 19207 | Orc:2    | 19207 ||| SHOPLISTING amulet of reflection (390 gold, have
                  | 232).
 19207 | Orc:2    | 19207 ||| SHOPLISTING ring of Tender Moments {Drain rC+
                  | Will+ Str+2 Stlth+} (507 gold, have 232).
 19207 | Orc:2    | 19207 ||| SHOPLISTING ring of protection from cold (325
                  | gold, have 232).
 19237 | Orc:2    | 19237 ||| INVOKING Heroism.
 19298 | Orc:2    | Found Xovyhur's Magic Scroll Emporium.
 19300 | Orc:2    | Found Legoe's Armour Emporium.
 19303 | Orc:2    | Found Faakoafe's Antique Armour Shoppe.
 19304 | Orc:2    | Found Horear's Antique Armour Emporium.
 19308 | Orc:2    | 19308 ||| SHOPLISTING +2 helmet of see invisible (301 gold,
                  | have 232).
 19308 | Orc:2    | 19308 ||| SHOPLISTING +2 robe of fire resistance (247 gold,
                  | have 232).
 19309 | Orc:2    | 19309 ||| BUYING scroll of brand weapon (104 gold).
 19309 | Orc:2    | Bought a scroll of brand weapon for 104 gold pieces
 19309 | Orc:2    | 19309 ||| BUYING scroll of identify (22 gold).
 19309 | Orc:2    | Bought a scroll of identify for 22 gold pieces
 19309 | Orc:2    | 19309 ||| BUYING scroll of identify (22 gold).
 19309 | Orc:2    | Bought a scroll of identify for 22 gold pieces
 19309 | Orc:2    | 19309 ||| BUYING scroll of teleportation (33 gold).
 19309 | Orc:2    | Bought a scroll of teleportation for 33 gold pieces
 19312 | Orc:2    | 19312 ||| SHOPLISTING runed leather armour (170 gold, have
                  | 51).
 19312 | Orc:2    | 19312 ||| SHOPLISTING shiny ring mail (238 gold, have 51).
 19414 | Orc:2    | Found Fuekied's Assorted Antiques.
 19418 | Orc:2    | 19418 ||| SHOPLISTING 2 potions of attraction (222 gold,
                  | have 51).
 19418 | Orc:2    | 19418 ||| SHOPLISTING glowing robe (136 gold, have 51).
 19418 | Orc:2    | 19418 ||| BUYING scroll labelled YDDAGRIALEI (37 gold).
 19418 | Orc:2    | Bought a scroll labelled YDDAGRIALEI for 37 gold pieces
 19418 | Orc:2    | 19418 ||| SHOPLISTING scroll of identify (74 gold, have
                  | 14).
 19421 | Orc:2    | 19421 ||| PLANNING SPIDER:1-3
 19421 | Orc:2    | 19421 ||| READING scroll labelled YDDAGRIALEI.
 19539 | Orc:2    | 19539 ||| INVOKING Heroism.
 19640 | Spider:1 | Entered Level 1 of the Spider Nest
 19763 | Spider:1 | 19763 ||| Stepping ~*~*~tactically~*~*~ (outnumbered).
 19926 | Spider:1 | 19926 ||| INVOKING Heroism.
 19933 | Spider:1 | Noticed Aizul
 19934 | Spider:1 | 19934 ||| Stepping ~*~*~tactically~*~*~ (outnumbered).
 19941 | Spider:1 | Killed Aizul
 19958 | Spider:1 | Reached skill level 21 in Ranged Weapons
 19984 | Spider:1 | 19984 ||| INVOKING Heroism.
 20021 | Spider:1 | Noticed Mlioglotl
 20022 | Spider:1 | 20022 ||| INVOKING Heroism.
 20023 | Spider:1 | 20023 ||| INVOKING Finesse.
 20026 | Spider:1 | Killed Mlioglotl
 20027 | Spider:1 | Reached skill level 9 in Armour
 20162 | Spider:1 | Identified the +2 leather armour "Ziwyts" {Str+3 Stlth+}
 20284 | Spider:1 | 20284 ||| INVOKING Heroism.
 20435 | Spider:1 | Received a gift from Okawaru
 20454 | Spider:1 | 20454 ||| INVOKING Heroism.
 20462 | Spider:1 | Reached skill level 15 in Fighting
 20478 | Spider:1 | 20478 ||| INVOKING Finesse.
 20632 | Spider:1 | 20632 ||| DROPPING +2 leather armour "Ziwyts" {Str+3
                  | Stlth+}.
 20633 | Spider:1 | 20633 ||| DROPPING ring of magical power.
 20665 | Spider:2 | 20665 ||| STAIRDANCE
 20754 | Spider:2 | 20754 ||| STAIRDANCE
 20785 | Spider:2 | 20785 ||| FLEEEEING.
 20787 | Spider:2 | 20787 ||| FLEEEEING.
 20788 | Spider:2 | 20788 ||| FLEEEEING.
 20789 | Spider:2 | 20789 ||| FLEEEEING.
 20790 | Spider:2 | 20790 ||| FLEEEEING.
 20822 | Spider:2 | Identified the +1 cloak "Nyliol" {rC+} (Okawaru gifted it
                  | to you on level 2 of the Spider Nest)
 20822 | Spider:2 | Received a gift from Okawaru
 20847 | Spider:2 | 20847 ||| DRINKING 8 potions of curing.
 20847 | Spider:2 | 20847 ||| (to cure confusion)
 20849 | Spider:2 | 20849 ||| INVOKING Heroism.
 20854 | Spider:2 | Noticed Donald
 20855 | Spider:2 | 20855 ||| INVOKING Finesse.
 20867 | Spider:2 | 20867 ||| DRINKING 7 potions of curing.
 20867 | Spider:2 | 20867 ||| (to cure confusion)
 20871 | Spider:2 | Killed Donald
 20872 | Spider:2 | Reached XP level 17. HP: 79/124 MP: 19/24
 20880 | Spider:2 | 20880 ||| DRINKING 6 potions of curing.
 20880 | Spider:2 | 20880 ||| (to cure confusion)
 20923 | Spider:2 | 20923 ||| INVOKING Finesse.
 20988 | Spider:2 | 20988 ||| INVOKING Finesse.
 21183 | Spider:2 | 21183 ||| Stepping ~*~*~tactically~*~*~ (outnumbered).
 21185 | Spider:2 | 21185 ||| Stepping ~*~*~tactically~*~*~ (outnumbered).
 21227 | Spider:2 | 21227 ||| READING scroll of enchant armour.
 21227 | Spider:2 | 21227 ||| ENCHANTING +0 helmet.
 21349 | Spider:2 | 21349 ||| DROPPING +0 cloak.
 21436 | Spider:3 | 21436 ||| INVOKING Heroism.
 21540 | Spider:3 | 21540 ||| FLEEEEING.
 21541 | Spider:3 | 21541 ||| FLEEEEING.
 21542 | Spider:3 | 21542 ||| FLEEEEING.
 21543 | Spider:3 | 21543 ||| FLEEEEING.
 21563 | Spider:3 | 21563 ||| INVOKING Finesse.
 21604 | Spider:3 | Noticed Arachne
 21611 | Spider:3 | Killed Arachne
 21669 | Spider:3 | 21669 ||| INVOKING Heroism.
 21738 | Spider:3 | 21738 ||| INVOKING Finesse.
 21940 | Spider:3 | Noticed Kirke
 21948 | Spider:3 | Killed Kirke
 21949 | Spider:3 | Reached skill level 16 in Fighting
 21955 | Spider:3 | 21955 ||| INVOKING Heroism.
 22376 | Spider:3 | 22376 ||| INVOKING Heroism.
 22665 | Spider:3 | 22665 ||| PLANNING SHOALS:1-3
 22665 | Spider:3 | 22665 ||| DROPPING +6 ring of strength.
 22666 | Spider:3 | 22666 ||| UPGRADING to +5 ring of evasion.
 22668 | Spider:3 | 22668 ||| DROPPING ring of see invisible.
 22669 | Spider:3 | 22669 ||| READING scroll labelled NIJAUTEYTY.
 22839 | Shoals:1 | Entered Level 1 of the Shoals
 22939 | Shoals:1 | Found Weojumn's Assorted Antiques.
 22952 | Shoals:1 | 22952 ||| INVOKING Heroism.
 22953 | Shoals:1 | 22953 ||| INVOKING Finesse.
 22958 | Shoals:1 | Received a gift from Okawaru
 22999 | Shoals:1 | 22999 ||| BUYING dyed leather armour (175 gold).
 22999 | Shoals:1 | Bought a dyed leather armour for 175 gold pieces
 22999 | Shoals:1 | 22999 ||| SHOPLISTING potion of mutation (280 gold, have
                  | 177).
 22999 | Shoals:1 | 22999 ||| SHOPLISTING scroll of enchant armour (262 gold,
                  | have 177).
 23646 | Shoals:1 | 23646 ||| DROPPING +1 leather armour of willpower.
 23678 | Shoals:2 | Reached skill level 17 in Fighting
 23743 | Shoals:2 | 23743 ||| Stepping ~*~*~tactically~*~*~ (outnumbered).
 24376 | Shoals:2 | 24376 ||| READING 18 scrolls of identify.
 24376 | Shoals:2 | 24376 ||| IDENTIFYING amethyst potion
 24377 | Shoals:2 | 24377 ||| DROPPING potion of invisibility.
 24410 | Shoals:3 | Noticed a kraken
 24410 | Shoals:3 | Noticed a kraken
 24415 | Shoals:3 | 24415 ||| STAIRDANCE
 24437 | Shoals:3 | 24437 ||| STAIRDANCE
 24475 | Shoals:3 | 24475 ||| STAIRDANCE
 24510 | Shoals:3 | 24510 ||| STAIRDANCE
 24557 | Shoals:3 | 24557 ||| STAIRDANCE
 24590 | Shoals:3 | 24590 ||| STAIRDANCE
 24632 | Shoals:3 | 24632 ||| STAIRDANCE
 24668 | Shoals:3 | 24668 ||| STAIRDANCE
 24677 | Shoals:3 | Noticed a kraken
 24678 | Shoals:3 | 24678 ||| STAIRDANCE
 24732 | Shoals:3 | 24732 ||| STAIRDANCE
 24769 | Shoals:3 | 24769 ||| STAIRDANCE
 24807 | Shoals:3 | 24807 ||| STAIRDANCE
 24836 | Shoals:3 | 24836 ||| STAIRDANCE
 24859 | Shoals:3 | 24859 ||| STAIRDANCE
 24873 | Shoals:3 | 24873 ||| STAIRDANCE
 24886 | Shoals:3 | 24886 ||| STAIRDANCE
 24937 | Shoals:3 | 24937 ||| STAIRDANCE
 24974 | Shoals:3 | 24974 ||| STAIRDANCE
 24996 | Shoals:3 | 24996 ||| STAIRDANCE
 25063 | Shoals:3 | 25063 ||| STAIRDANCE
 25144 | Shoals:3 | 25144 ||| INVOKING Heroism.
 25144 | Shoals:3 | HP: 28/128 [tentacle[a kraken] (13)]
 25145 | Shoals:3 | 25145 ||| READING 4 scrolls of teleportation.
 25145 | Shoals:3 | HP: 12/128 [tentacle[a kraken] (17)]
 25145 | Shoals:3 | HP: 5/128 [tentacle[a kraken] (7)]
 25146 | Shoals:3 | 25146 ||| DRINKING 2 potions of heal wounds.
 25147 | Shoals:3 | 25147 ||| DRINKING potion of heal wounds.
 25282 | Shoals:3 | Reached XP level 18. HP: 127/135 MP: 25/25
 25288 | Shoals:3 | 25288 ||| INVOKING Heroism.
 25396 | Shoals:3 | 25396 ||| INVOKING Heroism.
 25399 | Shoals:3 | 25399 ||| Stepping ~*~*~tactically~*~*~ (outnumbered).
 25405 | Shoals:3 | Identified the scarf of Recklessness {+Inv, MP+9 Int+3}
                  | (Okawaru gifted it to you on level 3 of the Shoals)
 25405 | Shoals:3 | Received a gift from Okawaru
 25430 | Shoals:3 | 25430 ||| Stepping ~*~*~tactically~*~*~ (outnumbered).
 25432 | Shoals:3 | 25432 ||| Stepping ~*~*~tactically~*~*~ (outnumbered).
 25465 | Shoals:3 | 25465 ||| Stepping ~*~*~tactically~*~*~ (outnumbered).
 25564 | Shoals:3 | Reached skill level 18 in Fighting
 25567 | Shoals:3 | 25567 ||| INVOKING Heroism.
 25700 | Shoals:3 | 25700 ||| DROPPING scarf of Recklessness {+Inv, MP+9
                  | Int+3}.
 25711 | Shoals:3 | 25711 ||| INVOKING Heroism.
 25712 | Shoals:3 | 25712 ||| INVOKING Finesse.
 25767 | Shoals:3 | Found a runed translucent door.
 25769 | Shoals:3 | 25769 ||| INVOKING Finesse.
 25866 | Shoals:3 | 25866 ||| INVOKING Heroism.
 25969 | Shoals:3 | 25969 ||| INVOKING Heroism.
 26063 | Shoals:3 | 26063 ||| FLEEEEING.
 26064 | Shoals:3 | 26064 ||| FLEEEEING.
 26068 | Shoals:3 | 26068 ||| FLEEEEING.
 26347 | Shoals:3 | 26347 ||| PLANNING D:1-11
 26347 | Shoals:3 | 26347 ||| DROPPING +2 hat.
 26838 | D:7      | 26838 ||| Stepping randomly (stuck).
 26920 | D:9      | 26920 ||| Stepping randomly (stuck).
 27001 | D:11     | 27001 ||| PLANNING LAIR
 27329 | Lair:5   | 27329 ||| PLANNING D
 27504 | D:12     | 27504 ||| Stepping randomly (stuck).
 27534 | D:13     | 27534 ||| Stepping randomly (stuck).
 27760 | D:15     | 27760 ||| PLANNING ORC
 28040 | Orc:1    | 28040 ||| Stepping randomly (stuck).
 28045 | Orc:2    | 28045 ||| PLANNING SPIDER:1-3
 28339 | Spider:3 | 28339 ||| PLANNING SHOALS:1-3
 28633 | Shoals:2 | 28633 ||| Stepping randomly (stuck).
 28678 | Shoals:3 | 28678 ||| PLANNING SPIDER:4
 28874 | Spider:4 | Entered Level 4 of the Spider Nest
 29055 | Spider:4 | 29055 ||| INVOKING Heroism.
 29062 | Spider:4 | Identified the +1 ring mail of the Monkey's Uncle {rPois
                  | rN+ Str+3} (Okawaru gifted it to you on level 4 of the
                  | Spider Nest)
 29062 | Spider:4 | Received a gift from Okawaru
 29100 | Spider:4 | Reached skill level 12 in Dodging
 29104 | Spider:4 | 29104 ||| INVOKING Heroism.
 29109 | Spider:4 | 29109 ||| INVOKING Finesse.
 29187 | Spider:4 | HP: 30/138 [disintegration (48)]
 29188 | Spider:4 | 29188 ||| READING 4 scrolls of teleportation.
 29189 | Spider:4 | 29189 ||| INVOKING Heroism.
 29557 | Spider:4 | 29557 ||| INVOKING Heroism.
 29673 | Spider:4 | 29673 ||| INVOKING Heroism.
 29680 | Spider:4 | Reached skill level 19 in Fighting
 29842 | Spider:4 | Reached XP level 19. HP: 139/145 MP: 26/26
 29884 | Spider:4 | Reached skill level 12 in Armour
 29884 | Spider:4 | 29884 ||| INVOKING Heroism.
 29893 | Spider:4 | HP: 34/145 [redback (8)]
 29894 | Spider:4 | 29894 ||| READING 3 scrolls of teleportation.
 30066 | Spider:4 | 30066 ||| INVOKING Heroism.
 30133 | Spider:4 | Got a gossamer rune of Zot
 30168 | Spider:4 | 30168 ||| INVOKING Heroism.
 30169 | Spider:4 | 30169 ||| INVOKING Finesse.
 30212 | Spider:4 | 30212 ||| PLANNING VAULTS:1-4
 30212 | Spider:4 | 30212 ||| DROPPING +1 ring mail of the Monkey's Uncle
                  | {rPois rN+ Str+3}.
 30213 | Spider:4 | 30213 ||| DROPPING scarf of invisibility.
 30214 | Spider:4 | 30214 ||| UPGRADING to quicksilver dragon scales.
 30224 | Spider:4 | 30224 ||| DROPPING +2 hat.
 30528 | Vaults:1 | Entered Level 1 of the Vaults
 30577 | Vaults:1 | 30577 ||| INVOKING Heroism.
 30972 | Vaults:1 | 30972 ||| INVOKING Heroism.
 31056 | Vaults:1 | 31056 ||| INVOKING Heroism.
 31057 | Vaults:1 | 31057 ||| Stepping ~*~*~tactically~*~*~ (outnumbered).
 31058 | Vaults:1 | 31058 ||| INVOKING Finesse.
 31064 | Vaults:1 | 31064 ||| Stepping ~*~*~tactically~*~*~ (outnumbered).
 31121 | Vaults:1 | 31121 ||| READING scroll of enchant armour.
 31121 | Vaults:1 | 31121 ||| ENCHANTING +1 helmet.
 31167 | Vaults:1 | 31167 ||| INVOKING Heroism.
 31172 | Vaults:1 | Identified the +0 pair of gloves of Music {Fly rN++ rCorr
                  | Str-4} (Okawaru gifted it to you on level 1 of the Vaults)
 31172 | Vaults:1 | Received a gift from Okawaru
 31554 | Vaults:1 | 31554 ||| INVOKING Heroism.
 31555 | Vaults:1 | 31555 ||| INVOKING Finesse.
 31563 | Vaults:1 | 31563 ||| Stepping ~*~*~tactically~*~*~ (outnumbered).
 31595 | Vaults:1 | 31595 ||| Stepping randomly (disturbance).
 31596 | Vaults:1 | 31596 ||| Stepping randomly (disturbance).
 31622 | Vaults:1 | 31622 ||| INVOKING Finesse.
 31844 | Vaults:1 | 31844 ||| DROPPING +2 robe of cold resistance.
 31953 | Vaults:2 | Reached skill level 15 in Armour
 31980 | Vaults:2 | 31980 ||| INVOKING Heroism.
 32035 | Vaults:2 | 32035 ||| INVOKING Heroism.
 32182 | Vaults:2 | 32182 ||| Stepping ~*~*~tactically~*~*~ (outnumbered).
 32187 | Vaults:2 | 32187 ||| INVOKING Heroism.
 32260 | Vaults:2 | 32260 ||| Stepping ~*~*~tactically~*~*~ (outnumbered).
 32436 | Vaults:2 | 32436 ||| FLEEEEING.
 32437 | Vaults:2 | 32437 ||| FLEEEEING.
 32439 | Vaults:2 | 32439 ||| FLEEEEING.
 32440 | Vaults:2 | 32440 ||| FLEEEEING.
 32441 | Vaults:2 | 32441 ||| FLEEEEING.
 32442 | Vaults:2 | 32442 ||| FLEEEEING.
 32443 | Vaults:2 | 32443 ||| FLEEEEING.
 32444 | Vaults:2 | 32444 ||| FLEEEEING.
 32445 | Vaults:2 | 32445 ||| FLEEEEING.
 32446 | Vaults:2 | 32446 ||| FLEEEEING.
 32447 | Vaults:2 | 32447 ||| FLEEEEING.
 32448 | Vaults:2 | 32448 ||| FLEEEEING.
 32449 | Vaults:2 | 32449 ||| FLEEEEING.
 32451 | Vaults:2 | 32451 ||| FLEEEEING.
 32454 | Vaults:2 | 32454 ||| FLEEEEING.
 32455 | Vaults:2 | 32455 ||| FLEEEEING.
 32456 | Vaults:2 | 32456 ||| FLEEEEING.
 32457 | Vaults:2 | 32457 ||| FLEEEEING.
 32458 | Vaults:2 | 32458 ||| FLEEEEING.
 32459 | Vaults:2 | 32459 ||| FLEEEEING.
 32460 | Vaults:2 | 32460 ||| FLEEEEING.
 32461 | Vaults:2 | 32461 ||| FLEEEEING.
 32682 | Vaults:2 | 32682 ||| FLEEEEING.
 32687 | Vaults:2 | 32687 ||| FLEEEEING.
 32692 | Vaults:2 | 32692 ||| FLEEEEING.
 32748 | Vaults:2 | 32748 ||| INVOKING Heroism.
 32749 | Vaults:2 | 32749 ||| Stepping ~*~*~tactically~*~*~ (outnumbered).
 32851 | Vaults:2 | Reached XP level 20. HP: 152/152 MP: 27/27
 33308 | Vaults:3 | Found Lavoahuh's Distillery.
 33317 | Vaults:3 | Received a gift from Okawaru
 33324 | Vaults:3 | 33324 ||| INVOKING Heroism.
 33385 | Vaults:3 | 33385 ||| BUYING potion of attraction (42 gold).
 33385 | Vaults:3 | Bought a potion of attraction for 42 gold pieces
 33385 | Vaults:3 | 33385 ||| BUYING potion of cancellation (112 gold).
 33385 | Vaults:3 | Bought a potion of cancellation for 112 gold pieces
 33385 | Vaults:3 | 33385 ||| BUYING potion of curing (42 gold).
 33385 | Vaults:3 | Bought a potion of curing for 42 gold pieces
 33385 | Vaults:3 | 33385 ||| BUYING potion of experience (700 gold).
 33385 | Vaults:3 | Bought a potion of experience for 700 gold pieces
 33385 | Vaults:3 | 33385 ||| BUYING potion of haste (140 gold).
 33385 | Vaults:3 | Bought a potion of haste for 140 gold pieces
 33385 | Vaults:3 | 33385 ||| BUYING potion of heal wounds (70 gold).
 33385 | Vaults:3 | Bought a potion of heal wounds for 70 gold pieces
 33385 | Vaults:3 | 33385 ||| BUYING potion of lignification (42 gold).
 33385 | Vaults:3 | Bought a potion of lignification for 42 gold pieces
 33385 | Vaults:3 | 33385 ||| DRINKING potion of experience.
 33385 | Vaults:3 | Reached skill level 20 in Fighting
 33385 | Vaults:3 | Reached XP level 21. HP: 160/160 MP: 28/28
 33390 | Vaults:3 | Found Oseph's Antique Armour Boutique.
 33522 | Vaults:3 | 33522 ||| INVOKING Heroism.
 33569 | Vaults:3 | 33569 ||| INVOKING Heroism.
 33790 | Vaults:3 | 33790 ||| FLEEEEING.
 33791 | Vaults:3 | 33791 ||| FLEEEEING.
 33792 | Vaults:3 | 33792 ||| FLEEEEING.
 33794 | Vaults:3 | 33794 ||| FLEEEEING.
 33795 | Vaults:3 | 33795 ||| FLEEEEING.
 33796 | Vaults:3 | 33796 ||| FLEEEEING.
 33797 | Vaults:3 | 33797 ||| FLEEEEING.
 33798 | Vaults:3 | 33798 ||| FLEEEEING.
 33799 | Vaults:3 | 33799 ||| FLEEEEING.
 33800 | Vaults:3 | 33800 ||| FLEEEEING.
 33801 | Vaults:3 | 33801 ||| FLEEEEING.
 33802 | Vaults:3 | 33802 ||| FLEEEEING.
 33807 | Vaults:3 | 33807 ||| FLEEEEING.
 33808 | Vaults:3 | 33808 ||| FLEEEEING.
 33809 | Vaults:3 | 33809 ||| FLEEEEING.
 33810 | Vaults:3 | 33810 ||| FLEEEEING.
 33811 | Vaults:3 | 33811 ||| FLEEEEING.
 33812 | Vaults:3 | 33812 ||| FLEEEEING.
 33813 | Vaults:3 | 33813 ||| FLEEEEING.
 33814 | Vaults:3 | 33814 ||| FLEEEEING.
 33815 | Vaults:3 | 33815 ||| FLEEEEING.
 33820 | Vaults:3 | 33820 ||| FLEEEEING.
 33821 | Vaults:3 | 33821 ||| FLEEEEING.
 33822 | Vaults:3 | 33822 ||| FLEEEEING.
 33823 | Vaults:3 | 33823 ||| FLEEEEING.
 33824 | Vaults:3 | 33824 ||| FLEEEEING.
 33825 | Vaults:3 | 33825 ||| FLEEEEING.
 33826 | Vaults:3 | 33826 ||| FLEEEEING.
 33827 | Vaults:3 | 33827 ||| FLEEEEING.
 33828 | Vaults:3 | 33828 ||| FLEEEEING.
 33829 | Vaults:3 | 33829 ||| FLEEEEING.
 33830 | Vaults:3 | 33830 ||| FLEEEEING.
 33831 | Vaults:3 | 33831 ||| FLEEEEING.
 33832 | Vaults:3 | 33832 ||| FLEEEEING.
 33833 | Vaults:3 | 33833 ||| FLEEEEING.
 33834 | Vaults:3 | 33834 ||| FLEEEEING.
 34022 | Vaults:3 | 34022 ||| FLEEEEING.
 34023 | Vaults:3 | 34023 ||| FLEEEEING.
 34024 | Vaults:3 | 34024 ||| FLEEEEING.
 34071 | Vaults:3 | Received a gift from Okawaru
 34237 | Vaults:3 | Found a staircase to the Crypt.
 34306 | Vaults:3 | Found Sehexufe's Armour Boutique.
 34323 | Vaults:3 | Found Micoros's Book Shop.
 34496 | Vaults:3 | 34496 ||| DROPPING +0 ring mail of fire resistance.
 34558 | Vaults:4 | 34558 ||| Stepping ~*~*~tactically~*~*~ (outnumbered).
 34560 | Vaults:4 | 34560 ||| Stepping ~*~*~tactically~*~*~ (outnumbered).
 34565 | Vaults:4 | Identified the +3 crystal plate armour of the Game of Life
                  | {Dex+3} (Okawaru gifted it to you on level 4 of the Vaults)
 34565 | Vaults:4 | Received a gift from Okawaru
 34630 | Vaults:4 | Identified the +7 chain mail "Lumumani" {rC+}
 34720 | Vaults:4 | 34720 ||| Stepping ~*~*~tactically~*~*~ (outnumbered).
 34728 | Vaults:4 | 34728 ||| Stepping ~*~*~tactically~*~*~ (outnumbered).
 34843 | Vaults:4 | 34843 ||| Stepping ~*~*~tactically~*~*~ (outnumbered).
 34846 | Vaults:4 | 34846 ||| Stepping ~*~*~tactically~*~*~ (outnumbered).
 35115 | Vaults:4 | 35115 ||| Stepping ~*~*~tactically~*~*~ (outnumbered).
 35118 | Vaults:4 | 35118 ||| Stepping ~*~*~tactically~*~*~ (outnumbered).
 35119 | Vaults:4 | 35119 ||| Stepping ~*~*~tactically~*~*~ (outnumbered).
 35148 | Vaults:4 | 35148 ||| INVOKING Heroism.
 35154 | Vaults:4 | Reached skill level 21 in Fighting
 35174 | Vaults:4 | 35174 ||| INVOKING Heroism.
 35261 | Vaults:4 | Identified the +2 cloak of Gozag's Pride {rC- rN+ Dex+3}
 35605 | Vaults:4 | 35605 ||| PLANNING SHOALS:4
 35605 | Vaults:4 | 35605 ||| UPGRADING to +4 ring mail of the Maze {rC++
                  | rCorr}.
 35615 | Vaults:4 | 35615 ||| UPGRADING to +2 cloak of Gozag's Pride {rC- rN+
                  | Dex+3}.
 35950 | Shoals:4 | Entered Level 4 of the Shoals
 35955 | Shoals:4 | Identified the +0 robe "Ytwexol" {rPois Str+3 Int+3 Stlth+}
                  | (Okawaru gifted it to you on level 4 of the Shoals)
 35955 | Shoals:4 | Received a gift from Okawaru
 36175 | Shoals:4 | 36175 ||| INVOKING Heroism.
 36176 | Shoals:4 | 36176 ||| INVOKING Finesse.
 36228 | Shoals:4 | 36228 ||| READING scroll of enchant armour.
 36228 | Shoals:4 | 36228 ||| ENCHANTING +0 pair of boots.
 36263 | Shoals:4 | Reached XP level 22. HP: 170/170 MP: 29/29
 36323 | Shoals:4 | 36323 ||| Stepping ~*~*~tactically~*~*~ (outnumbered).
 36325 | Shoals:4 | 36325 ||| Stepping ~*~*~tactically~*~*~ (outnumbered).
 36327 | Shoals:4 | 36327 ||| Stepping ~*~*~tactically~*~*~ (outnumbered).
 36372 | Shoals:4 | 36372 ||| Stepping ~*~*~tactically~*~*~ (outnumbered).
 36374 | Shoals:4 | 36374 ||| Stepping ~*~*~tactically~*~*~ (outnumbered).
 36416 | Shoals:4 | 36416 ||| INVOKING Heroism.
 36417 | Shoals:4 | 36417 ||| INVOKING Finesse.
 36418 | Shoals:4 | 36418 ||| Stepping ~*~*~tactically~*~*~ (outnumbered).
 36420 | Shoals:4 | 36420 ||| Stepping ~*~*~tactically~*~*~ (outnumbered).
 36464 | Shoals:4 | Found Fuomoubiph's General Store.
 36473 | Shoals:4 | 36473 ||| BUYING potion of curing (33 gold).
 36473 | Shoals:4 | Bought a potion of curing for 33 gold pieces
 36473 | Shoals:4 | 36473 ||| BUYING potion of haste (110 gold).
 36473 | Shoals:4 | Bought a potion of haste for 110 gold pieces
 36473 | Shoals:4 | 36473 ||| BUYING potion of heal wounds (55 gold).
 36473 | Shoals:4 | Bought a potion of heal wounds for 55 gold pieces
 36559 | Shoals:4 | 36559 ||| Stepping ~*~*~tactically~*~*~ (outnumbered).
 36561 | Shoals:4 | 36561 ||| Stepping ~*~*~tactically~*~*~ (outnumbered).
 36563 | Shoals:4 | 36563 ||| Stepping ~*~*~tactically~*~*~ (outnumbered).
 36567 | Shoals:4 | 36567 ||| Stepping ~*~*~tactically~*~*~ (outnumbered).
 36569 | Shoals:4 | 36569 ||| Stepping ~*~*~tactically~*~*~ (outnumbered).
 36763 | Shoals:4 | 36763 ||| Stepping ~*~*~tactically~*~*~ (outnumbered).
 36764 | Shoals:4 | 36764 ||| Stepping ~*~*~tactically~*~*~ (outnumbered).
 36765 | Shoals:4 | 36765 ||| Stepping ~*~*~tactically~*~*~ (outnumbered).
 36803 | Shoals:4 | 36803 ||| Stepping ~*~*~tactically~*~*~ (outnumbered).
 36805 | Shoals:4 | 36805 ||| Stepping ~*~*~tactically~*~*~ (outnumbered).
 36806 | Shoals:4 | 36806 ||| Stepping ~*~*~tactically~*~*~ (outnumbered).
 36858 | Shoals:4 | 36858 ||| INVOKING Heroism.
 36859 | Shoals:4 | 36859 ||| INVOKING Finesse.
 36873 | Shoals:4 | Reached skill level 15 in Dodging
 36914 | Shoals:4 | Got a barnacled rune of Zot
 36952 | Shoals:4 | 36952 ||| PLANNING DEPTHS
 36952 | Shoals:4 | 36952 ||| DROPPING +0 robe "Ytwexol" {rPois Str+3 Int+3
                  | Stlth+}.
 37273 | Depths:1 | Entered Level 1 of the Depths
 37279 | Depths:1 | 37279 ||| INVOKING Heroism.
 37280 | Depths:1 | 37280 ||| INVOKING Finesse.
 37502 | Depths:1 | 37502 ||| FLEEEEING.
 37506 | Depths:1 | 37506 ||| FLEEEEING.
 37534 | Depths:1 | 37534 ||| INVOKING Heroism.
 37756 | Depths:1 | Reached skill level 22 in Fighting
 37791 | Depths:1 | Found a sacrificial altar of Ru.
 37928 | Depths:1 | Found a gateway to Hell.
 38235 | Depths:2 | Found a portal to a secret trove of treasure.
 38253 | Depths:2 | 38253 ||| Stepping ~*~*~tactically~*~*~ (outnumbered).
 38254 | Depths:2 | 38254 ||| INVOKING Heroism.
 38321 | Depths:2 | 38321 ||| INVOKING Heroism.
 38322 | Depths:2 | 38322 ||| INVOKING Finesse.
 38480 | Depths:2 | Found a shimmering altar of Xom.
 38515 | Depths:2 | Found a corrupted altar of Lugonu.
 38515 | Depths:2 | Found a one-way gate to the infinite horrors of the Abyss.
 38580 | Depths:2 | Noticed a caustic shrike
 38581 | Depths:2 | 38581 ||| INVOKING Heroism.
 38582 | Depths:2 | 38582 ||| INVOKING Finesse.
 38583 | Depths:2 | Killed a caustic shrike
 38619 | Depths:2 | 38619 ||| INVOKING Finesse.
 38664 | Depths:2 | 38664 ||| INVOKING Heroism.
 38681 | Depths:2 | 38681 ||| INVOKING Finesse.
 38710 | Depths:2 | Noticed a golden dragon
 38711 | Depths:2 | 38711 ||| INVOKING Heroism.
 38713 | Depths:2 | Killed a golden dragon
 38745 | Depths:2 | 38745 ||| Stepping ~*~*~tactically~*~*~ (outnumbered).
 38751 | Depths:2 | 38751 ||| INVOKING Heroism.
 38812 | Depths:2 | Identified the +6 great sword of Equilibrium {distort,
                  | Str+2 Stlth+}
 39177 | Depths:2 | Found a one-way gate leading to the halls of Pandemonium.
 39257 | Depths:2 | 39257 ||| DROPPING ring of willpower.
 39318 | Depths:3 | Noticed Mara
 39319 | Depths:3 | 39319 ||| INVOKING Heroism.
 39320 | Depths:3 | 39320 ||| INVOKING Finesse.
 39330 | Depths:3 | Killed Mara
 39395 | Depths:3 | 39395 ||| DRINKING 12 potions of curing.
 39395 | Depths:3 | 39395 ||| (to cure confusion)
 39400 | Depths:3 | 39400 ||| INVOKING Heroism.
 39404 | Depths:3 | 39404 ||| DRINKING 11 potions of curing.
 39404 | Depths:3 | 39404 ||| (to cure confusion)
 39406 | Depths:3 | Reached XP level 23. HP: 131/180 MP: 28/30
 39476 | Depths:3 | Found Mehuck's Antique Weapon Boutique.
 39483 | Depths:3 | Found a one-way gateway to a ziggurat.
 39572 | Depths:3 | Reached skill level 23 in Fighting
 39582 | Depths:3 | 39582 ||| INVOKING Heroism.
 39697 | Depths:3 | 39697 ||| Stepping ~*~*~tactically~*~*~ (outnumbered).
 39705 | Depths:3 | 39705 ||| INVOKING Heroism.
 39858 | Depths:3 | 39858 ||| READING scroll of enchant armour.
 39858 | Depths:3 | 39858 ||| ENCHANTING +1 pair of boots.
 39889 | Depths:3 | 39889 ||| INVOKING Heroism.
 39892 | Depths:3 | Noticed a golden dragon
 39903 | Depths:3 | Killed a golden dragon
 39904 | Depths:3 | 39904 ||| INVOKING Finesse.
 39937 | Depths:3 | 39937 ||| INVOKING Heroism.
 39947 | Depths:3 | HP: 38/180 [spriggan air mage/the air (13)]
 39948 | Depths:3 | 39948 ||| READING 4 scrolls of teleportation.
 39948 | Depths:3 | HP: 18/180 [something (21)]
 39949 | Depths:3 | 39949 ||| DRINKING 5 potions of heal wounds.
 39950 | Depths:3 | 39950 ||| DRINKING 4 potions of heal wounds.
 39951 | Depths:3 | 39951 ||| DRINKING 3 potions of heal wounds.
 39951 | Depths:3 | Paralysed by a vampire knight for 4 turns
 40119 | Depths:3 | 40119 ||| Stepping ~*~*~tactically~*~*~ (outnumbered).
 40123 | Depths:3 | 40123 ||| Stepping ~*~*~tactically~*~*~ (outnumbered).
 40136 | Depths:3 | 40136 ||| INVOKING Heroism.
 40137 | Depths:3 | 40137 ||| INVOKING Finesse.
 40143 | Depths:3 | 40143 ||| Stepping ~*~*~tactically~*~*~ (outnumbered).
 40159 | Depths:3 | 40159 ||| Stepping ~*~*~tactically~*~*~ (outnumbered).
 40160 | Depths:3 | 40160 ||| Stepping ~*~*~tactically~*~*~ (outnumbered).
 40166 | Depths:3 | 40166 ||| INVOKING Heroism.
 40168 | Depths:3 | 40168 ||| Stepping ~*~*~tactically~*~*~ (outnumbered).
 40176 | Depths:3 | Identified the staff of air "Sushul" {rElec Str+3}
 40191 | Depths:3 | Paralysed by something for 3 turns
 40192 | Depths:3 | HP: 40/181 [spriggan rider/+3 heavy quarterstaff (14)]
 40193 | Depths:3 | HP: 17/181 [spriggan rider/+0 spear (4)]
 40194 | Depths:3 | HP: 6/181 [deep troll (6)]
 40195 | Depths:3 | 40195 ||| READING 3 scrolls of teleportation.
 40195 | Depths:3 | Killed from afar by a spriggan air mage

Levels and vault maps discovered:
D:1:      heliophobic_arrival_henge, layout_rooms, serial_shops,
          nicolae_diamond_shop
D:2:      layout_loops_ring, basic_altar, st_stairs_9, minmay_split_cup_small,
          uniq_terence, uniq_robin
D:3:      layout_rooms, uniq_grinder, uniq_sigmund
D:4:      layout_rooms, minmay_temple_entry_tees, kennysheep_small_square
D:5:      layout_rooms, grunt_temple_overflow_open, minivault_26, st_stairs_10
D:6:      layout_basic, mainiacjoe_overflow_boulevard, zin_scriptorium,
          enter_ossuary_4
D:7:      layout_basic, lemuel_round_altar, dk_vineyard_3
D:8:      layout_basic, mainiacjoe_overflow_surrounded_room, enter_bailey_3
D:9:      layout_loops_ring
D:10:     layout_irregular_city, orc_0_dummy, serial_shops, shop, hex_large,
          uniq_gastronok, uniq_harold, uniq_nergalle, uniq_snorg
D:11:     layout_long_grid, dpeg_lair_monsters
D:12:     layout_basic, uniq_josephine
D:13:     layout_loops_ring, hangedman_vaults_entry_quadrant_bands,
          nicolae_shop_dragon_depot
D:14:     gammafunk_worm_tunnel, layout_rooms, hangedman_glass_teeth,
          uniq_frances
D:15:     grunt_enter_depths_hoard, layout_basic, fedhas_altar_3,
          muffindrake_ghost_dual_entry, okawaru_trees_1
Temple:   eino_temple_scatter_basement
Lair:1:   layout_gridlike
Lair:2:   layout_cellular_growth, spider_nest_entry_rubble,
          portal_ice_cave_entry_pillars_1, serial_bayou_shore_b
Lair:3:   layout_chaotic_city, minmay_shoals_entry_hut
Lair:4:   layout_small_grid, nicolae_slime_entry_field_trip, nzn_ghost_randoct,
          columned_hall_lemuel, st_stairs_12, eino_house_with_fridge
Lair:5:   hangedman_lair_caniforms_friends, layout_hall_layers,
          grunt_megastairs_1
Shoals:1: layout_shoals, serial_shops, shop, nicolae_shoals_spectral_cove
Shoals:2: layout_shoals
Shoals:3: nicolae_shoals_lighthouse, layout_shoals,
          nicolae_shoals_enchanted_isle
Shoals:4: shoals_end_simple, layout_shoals, serial_shops, shop_coins,
          nicolae_shoals_circle_sea_wall, nicolae_shoals_square_sea_wall
Spider:1: nicolae_spider_broodchamber, hangedman_spider_tarantella_strand,
          uniq_mlioglotl, uniq_aizul
Spider:2: layout_spider_delve, hellmonk_narrow_tunnel, uniq_donald
Spider:3: layout_chambers, nicolae_spider_cling_halls, uniq_arachne, uniq_kirke
Spider:4: floodkiller_spider_rune_tomb, nicolae_spider_some_kinda_spiderbox
Orc:1:    layout_caves
Orc:2:    st_orc_pillars, layout_diamond_mine, basic_altar, serial_shops,
          nicolae_shop_waterfront, nicolae_shop_statue_plus, shop,
          nicolae_lakefront_shop, nicolae_shop_pleasant_corner_grove,
          nicolae_orc_stony_grotto
Vaults:1: st_quartered_hall, v_misc_27, v_rooms_4, ontoclasm_vaults_ring_square,
          v_alt_pattern_1, nicolae_vaults_six-pack,
          nicolae_vaults_little_squares_6, layout_vaults_omnigrid
Vaults:2: v_pattern_5, nicolae_vaults_hallways_thing,
          nicolae_vaults_storage_room_statues, nicolae_vaults_network_s,
          nicolae_vaults_two_Ls, v_misc_16, nicolae_vaults_octothorpe,
          nicolae_vaults_sealed_display, nicolae_vaults_circle_grid_a,
          layout_vaults_maze_snakey, serial_glass
Vaults:3: minmay_crypt_entry_vampire_xt, nicolae_vaults_storage_closets_2,
          vaults_room_fours, v_misc_9, v_misc_24, nicolae_vaults_mitosis,
          hangedman_vaults_impose, nicolae_vaults_security_offices_4,
          layout_vaults_chaotic_city, serial_shops, nicolae_book_shop_shelving,
          shop, nicolae_shop_hallway_plus, nicolae_shop_crystal
Vaults:4: vaults_standard_mumra_lines, nicolae_vaults_trapezoid_3, v_misc_12,
          vaults_dpeg_ring, nicolae_vaults_little_squares_2, v_misc_26,
          nicolae_vaults_triangles, nicolae_vaults_tetromino_T_2, serial_ice_b,
          nicolae_vaults_wine_cellar, nicolae_vaults_tetromino_L_1,
          layout_vaults_omnicross
Depths:1: layout_gridlike, grunt_mini_vestibule, hangedman_ru_absence,
          lemuel_old_faithful
Depths:2: minmay_nine_rooms, layout_cave_shapes, lemuel_crystal_altar,
          enter_trove_0, hell_entry, rand_demon_pan_entry_4,
          abyss_entry_flame_altar, minmay_staircase_bubble, grunt_megastairs_5
Depths:3: grunt_twisty_corner, layout_gridlike, enter_ziggurat_b, hell_entry,
          abyss_entry, serial_shops, nicolae_take_the_stairs,
          gammafunk_ghost_necromancy, uniq_mara

Skill      XL: |  1  2  3  4  5  6  7  8  9 10 11 12 13 14 15 16 17 18 19 20 21 22 23 |
---------------+----------------------------------------------------------------------+-----
Ranged Weapons | 5 6 8 11 12 13 16 17 19 20 21 22 | 22.0
Fighting       | 3 4 5 7 8 9 10 11 12 14 15 17 19 20 21 22 23 | 23.2
Armour         | 4 5 6 7 8 9 10 11 16 17 | 17.5
Dodging        | 3 4 5 7 8 9 10 12 13 14 16 17 | 17.0
Invocations    | 4 6 9 10 | 10.0
Stealth        | |  1.1

Action                     |  1- 3 |  4- 6 |  7- 9 | 10-12 | 13-15 | 16-18 | 19-21 | 22-24 || total
---------------------------+-------+-------+-------+-------+-------+-------+-------+-------++-------
   Fire: Shortbow          |    82 |   117 |   425 |       |       |       |       |       ||   624
         Arbalest          |       |       |    46 |   389 |   101 |       |       |       ||   536
         Longbow           |       |       |       |       |   114 |       |       |       ||   114
         Triple crossbow   |       |       |       |       |   637 |  1033 |   818 |   605 ||  3093
 Invoke: Heroism           |       |       |     9 |    15 |    26 |    28 |    18 |    18 ||   114
         Finesse           |       |       |       |     3 |     8 |    11 |     5 |    10 ||    37
    Use: Scroll            |     6 |     3 |     6 |    12 |     7 |     6 |     3 |     3 ||    46
         Potion            |       |     1 |     1 |     3 |       |     5 |     1 |     5 ||    16
 Armour: Leather armour    |    16 |    21 |     2 |       |       |       |       |       ||    39
         Ring mail         |       |       |   114 |   137 |   322 |   532 |    55 |   329 ||  1489
         Troll leather arm |       |       |       |     8 |       |       |       |       ||     8
         Quicksilver drago |       |       |       |       |       |       |   184 |       ||   184
  Dodge: Dodged            |    17 |    51 |   135 |   185 |   597 |  1361 |   913 |  1053 ||  4312

Table legend:
 A = Non-vault XP
 B = Vault XP
 C = Vault XP percentage of total XP
 D = Non-vault monster count
 E = Vault monster count
 F = Vault count percentage of total count
                 A         B        C        D         E       F
            +---------+---------+-------+---------+---------+-------
      Total |  372988 |  289479 |  43.7 |    1005 |     573 |  36.3
            +---------+---------+-------+---------+---------+-------
        D:1 |      26 |       0 |   0.0 |      16 |       0 |   0.0
        D:2 |      64 |      91 |  58.7 |      17 |      21 |  55.3
        D:3 |     171 |     504 |  74.7 |      24 |       2 |   7.7
        D:4 |     508 |       7 |   1.4 |      28 |       4 |  12.5
        D:5 |     645 |      50 |   7.2 |      16 |       2 |  11.1
        D:6 |     622 |       2 |   0.3 |      15 |       2 |  11.8
        D:7 |    1239 |       0 |   0.0 |      20 |       0 |   0.0
        D:8 |     872 |       8 |   0.9 |      19 |       4 |  17.4
        D:9 |    2849 |       0 |   0.0 |      27 |       0 |   0.0
       D:10 |    2475 |    4063 |  62.1 |      19 |       4 |  17.4
       D:11 |    7112 |    3055 |  30.0 |      24 |       6 |  20.0
       D:12 |    6097 |    1932 |  24.1 |      26 |       6 |  18.8
       D:13 |    8269 |    6104 |  42.5 |      15 |      19 |  55.9
       D:14 |   10984 |    1534 |  12.3 |      24 |       1 |   4.0
       D:15 |    6898 |    1735 |  20.1 |      16 |       2 |  11.1
     Lair:1 |    6012 |       0 |   0.0 |      21 |       0 |   0.0
     Lair:2 |    9218 |     218 |   2.3 |      25 |       1 |   3.8
     Lair:3 |    8832 |     262 |   2.9 |      30 |       1 |   3.2
     Lair:4 |    8834 |    1142 |  11.4 |      32 |      18 |  36.0
     Lair:5 |    7163 |   11896 |  62.4 |      23 |      60 |  72.3
   Shoals:1 |    8744 |    5163 |  37.1 |      18 |       9 |  33.3
   Shoals:2 |   11920 |       0 |   0.0 |      27 |       0 |   0.0
   Shoals:3 |   11757 |   30615 |  72.3 |      21 |      52 |  71.2
   Shoals:4 |    9964 |   25205 |  71.7 |      22 |      42 |  65.6
   Spider:1 |   22073 |    9128 |  29.3 |      68 |      12 |  15.0
   Spider:2 |   22537 |    3459 |  13.3 |      54 |       4 |   6.9
   Spider:3 |   16218 |    4514 |  21.8 |      35 |       6 |  14.6
   Spider:4 |   14846 |   33591 |  69.3 |      31 |      65 |  67.7
      Orc:1 |    3316 |       0 |   0.0 |      20 |       0 |   0.0
      Orc:2 |    3147 |   11170 |  78.0 |      35 |      61 |  63.5
   Vaults:1 |   16861 |   18214 |  51.9 |      25 |      26 |  51.0
   Vaults:2 |   24502 |   11582 |  32.1 |      41 |      15 |  26.8
   Vaults:3 |   23742 |   17258 |  42.1 |      33 |      22 |  40.0
   Vaults:4 |   32081 |   14842 |  31.6 |      58 |      21 |  26.6
   Depths:1 |   19798 |    7266 |  26.8 |      23 |       8 |  25.8
   Depths:2 |   18736 |   31152 |  62.4 |      24 |      30 |  55.6
   Depths:3 |   23856 |   33697 |  58.5 |      33 |      27 |  45.0
    Ossuary |       0 |      20 | 100.0 |       0 |      20 | 100.0
            +---------+---------+-------+---------+---------+-------
